AoeStats
← alix

Arabia

506453877Analyzed
1v1 RM · 19d ago on Sep 13, 2026· 38m 24s· 2 players
Game mode
Random Map
Map size
Tiny (2 player)
Population
200
Speed
Normal
Resources
Standard
Victory
Conquest
Starting age
Dark Age
Ending age
Imperial Age
RankedLock teamsTeams togetherTeam positionsShared explorationLock speedFull tech treeHidden civsTurbo modeCheats
Victory
Defeat
🇩🇪 Berbers · Germany
1822
+15
🇸🇻 Malay · El Salvador
1804
-15
jouĸɘʀ
1:00 Loom
8:41 Loom
11:32 Feudal Age
11:16 Man-at-Arms
17:58 Wheelbarrow
17:35 Horse Collar
17:41 Double-Bit Axe
22:17 Castle Age
21:27 Scale Barding Armor
21:41 Gold Mining
24:34 Forging
24:54 Husbandry
27:59 Town Watch
28:32 Bow Saw
29:58 Fletching
29:43 Elite Skirmisher
31:19 Padded Archer Armor
32:49 Bodkin Arrow
33:19 Ballistics
34:23 Crossbowman
35:38 Hand Cart
39:28 Imperial Age
38:05 Thumb Ring
38:44 Leather Archer Armor
38:57 Bracer
alix
5:49 Loom
8:30 Feudal Age
9:13 Double-Bit Axe
10:31 Horse Collar
19:59 Castle Age
17:55 Stone Mining
18:23 Fletching
19:33 Gold Mining
21:15 Bow Saw
21:37 Heavy Plow
21:54 Bodkin Arrow
22:05 Padded Archer Armor
23:56 Wheelbarrow
29:43 Thumb Ring
30:21 Leather Archer Armor
32:37 Hand Cart
32:09 Town Watch
32:47 Bloodlines
32:38 Husbandry
31:58 Light Cavalry
34:06 Scale Barding Armor
38:05 Imperial Age
36:04 Ballistics
36:22 Chain Barding Armor
36:48 Forging
38:29 Iron Casting
39:01 Gold Shaft Mining
39:02 Stone Shaft Mining
Connection lost

Rejoining the realm…

Still unreachable

The connection could not be restored.

Session expired

The server has moved on; the page needs a fresh start.